[Event "35th European Club Cup 2019"]
[Site "Ulcinj"]
[Date "2019.11.16"]
[Round "7.15"]
[White "Parkhov, Yair"]
[Black "Ezat, Mohamed"]
[Result "0-1"]
[ECO "E73"]
[WhiteElo "2368"]
[BlackElo "2452"]
[Annotator "ChessBase"]
[PlyCount "64"]
[EventDate "2019.11.10"]
[EventType "team-tourn"]
[EventCountry "MNE"]
[SourceTitle "playchess.com"]
[Source "ChessBase"]
[SourceQuality "1"]
[WhiteTeam "Rehovot"]
[BlackTeam "Reykjavik CC"]
[TimeControl "40/5400+30:1800+30"]

1. d4 Nf6 2. c4 g6 3. Nc3 Bg7 4. e4 d6 5. Be2 O-O 6. Be3 Na6 7. Nf3 c5 8. d5 Nc7 9. O-O e5 10. g3 a6 11. a4 b6 12. Ne1 Bh3 13. Ng2 Qd7 14. Qd3 Ng4 15. Bd2 f5 16. f3 Nf6 17. Nd1 fxe4 18. fxe4 Ng4 19. Nf2 Nxf2 20. Rxf2 Rxf2 21. Kxf2 Ne8 22. Kg1 Nf6 23. a5 bxa5 24. Rxa5 Qb7 25. Qc2 Rf8 26. Ra3 Nxe4 27. Qxe4 Qxb2 28. Qe3 e4 29. Bc1 Qb1 30. Rb3 Qc2 31. Ne1 Qd1 32. Bd2 Bd4 0-1

[Event "35th European Club Cup 2019"]
[Site "Ulcinj"]
[Date "2019.11.16"]
[Round "7.15"]
[White "Gibicar, Danijel"]
[Black "Brunner, Lucas"]
[Result "1/2-1/2"]
[ECO "B72"]
[WhiteElo "2229"]
[BlackElo "2441"]
[Annotator "NA"]
[PlyCount "163"]
[EventDate "2019.11.10"]
[EventType "team-tourn"]
[EventCountry "MNE"]
[SourceTitle "playchess.com"]
[Source "ChessBase"]
[SourceQuality "1"]
[WhiteTeam "De Sprenger Echternach"]
[BlackTeam "Zurich SG"]
[TimeControl "40/5400+30:1800+30"]

1. e4 c5 2. Nf3 Nc6 3. d4 cxd4 4. Nxd4 g6 5. Be2 Bg7 6. Nb3 Nf6 7. Nc3 d6 8. Be3 O-O 9. f4 a5 10. a4 Be6 11. O-O Bxb3 12. cxb3 e6 13. Bf3 Qe7 14. Qe1 d5 15. Bf2 dxe4 16. Nxe4 Nxe4 17. Qxe4 Rfd8 18. Rfd1 Bxb2 19. Rab1 Qf6 20. Kh1 Rxd1+ 21. Rxd1 Rd8 22. Rxd8+ Qxd8 23. h3 Bd4 24. Bg3 Bc5 25. Qc2 Qd4 26. Qd1 Qe3 27. Bh2 Nd4 28. Bg1 Qxb3 29. Bxd4 Qxd1+ 30. Bxd1 Bxd4 31. Be2 Bf2 32. g4 Be3 33. f5 exf5 34. gxf5 g5 35. Kg2 f6 36. Kf3 Bc5 37. Ke4 Kf7 38. Kd5 Bf2 39. Kd6 Ke8 40. Kc7 b6 41. Kd6 Bc5+ 42. Ke6 Bd4 43. Kd5 Bc3 44. Ke6 Kd8 45. Kd6 Kc8 46. Ba6+ Kb8 47. Be2 Kc8 48. Ba6+ Kd8 49. Be2 Bb2 50. Kc6 Bd4 51. Kd5 Bc3 52. Kc6 Ke7 53. Kd5 Kd7 54. Bb5+ Kc7 55. Be2 Be5 56. Bb5 h5 57. Be2 h4 58. Ke4 g4 59. hxg4 Bd6 60. Kf3 h3 61. Bb5 Be5 62. Bf1 Kd6 63. Bb5 Kd5 64. Bf1 Kd4 65. Bb5 Bd6 66. Bf1 h2 67. Kg2 Ke4 68. Bb5 Ke3 69. Bc4 Be5 70. Bb5 Kd4 71. Bc6 Kc5 72. Bb5 Kd6 73. Bc4 Ke7 74. Bb5 Kf8 75. Bc4 Kg7 76. Be2 Kh6 77. Bb5 Kg5 78. Be2 Kh4 79. Bd1 b5 80. axb5 Bc7 81. b6 Bxb6 82. Kxh2 1/2-1/2